 Dungeon Crawl Stone Soup version 0.27.1-33-g824d729ab1 (webtiles) character file.

Game seed: 11745927425280547553

37 SensoryNuts the Skirmisher (level 3, -5/29 HPs)
             Began as a Demonspawn Fighter on Dec 6, 2021.
             Slain by a gnoll (7 damage)
             ... on level 2 of the Dungeon.
             The game lasted 00:01:07 (758 turns).

SensoryNuts the Skirmisher (Demonspawn Fighter)      Turns: 758, Time: 00:01:08

Health: -5/29      AC:  8    Str: 17    XL:     3   Next: 23%
Magic:  3/3        EV:  7    Int:  9    God:
Gold:   37         SH:  9    Dex: 12    Spells: 2/2 levels left

rFire    . . .     SeeInvis .   a - +0 war axe
rCold    . . .     Faith    .   c - +0 kite shield
rNeg     . . .     Spirit   .   b - +0 scale mail
rPois    .         Reflect  .   (no helmet)
rElec    .         Harm     .   (no cloak)
rCorr    .         Rampage  .   (no gloves)
Will     .....                  (no boots)
Stlth    ..........             (no amulet)
HPRegen  0.09/turn              (no ring)
MPRegen  0.08/turn              (no ring)

@: mighty
A: claws 1, molten scales 1
a: no special abilities


You were on level 2 of the Dungeon.
You visited 1 branch of the dungeon, and saw 2 of its levels.

You collected 37 gold pieces.

Inventory:

Hand Weapons
 a - a +0 war axe (weapon)
 e - a +0 spear
 i - a +0 flail
Armour
 b - a +0 scale mail (worn)
 c - a +0 kite shield (worn)
Scrolls
 f - a scroll of teleportation {unknown}
Potions
 g - a potion of lignification {unknown}
 h - a potion of curing {unknown}


   Skills:
 + Level 3.3 Fighting
 + Level 2.3 Axes
 + Level 3.1 Armour
 + Level 3.0 Shields


You had 2 spell levels left.
You didn't know any spells.
Your spell library contained the following spells:

 Spells                   Type           Power      Damage    Failure   Level
 Ensorcelled Hibernation  Hex/Ice        0%         N/A       100%        2
 Spider Form              Tmut/Pois      0%         N/A       100%        3
 Shadow Creatures         Summ           N/A        N/A       100%        6


Dungeon Overview and Level Annotations

Branches:
Dungeon (2/15)

Altars:


Innate Abilities, Weirdness & Mutations

You have sharp fingernails.
You are partially covered in molten scales. (AC +2)


Message History

You hit the gnoll.
You kill the gnoll!
Your Armour skill increases to level 3!
You have reached level 3!
Your experience leads to an increase in your attributes!
Increase (S)trength, (I)ntelligence, or (D)exterity?
You feel stronger.
Your demonic ancestry asserts itself...
Molten scales grow over part of your body.
Found a scroll labelled MYDUAJ RIATS.
You see here a +0 flail.
i - a +0 flail A gnoll comes into view. It is wielding a +0 spear.
The gnoll shouts!
You hear a shout!
A gnoll comes into view. It is wielding a +0 club.
The gnoll hits you but does no damage. The gnoll hits you with a +0 spear.
The gnoll hits you with a +0 club.
You hit the gnoll.
The gnoll is moderately wounded.
You hit the gnoll. The gnoll hits you with a +0 spear.
The gnoll hits you with a +0 club. The gnoll hits you with a +0 spear.
You block the gnoll's attack.
You closely miss the gnoll.
The gnoll is moderately wounded.
You completely miss the gnoll. You block the gnoll's attack. x2
The gnoll hits you with a +0 spear.
* * * LOW HITPOINT WARNING * * *
You hit the gnoll.
The gnoll is heavily wounded.
You hit the gnoll. The gnoll barely misses you. You block the gnoll's attack.
The gnoll barely misses you.
You barely miss the gnoll.
The gnoll is heavily wounded.
You hit the gnoll but do no damage. The gnoll hits you with a +0 spear.
* * * LOW HITPOINT WARNING * * *
You block the gnoll's attack. x2; The gnoll hits you with a +0 club.
* * * LOW HITPOINT WARNING * * *
Unknown command.
You feel very mighty all of a sudden. The gnoll hits you with a +0 spear!
You die...

# #. # #.########
..##........#####
.................
.........g......
#.##.?.@g..####
...............#
##.##..........#.###
........###.......#
#.#####.# #.#.#.#.#
# #.# #.#.# # #.#
#.#.# #.# #.# # #.#
#.# #.#


You could see 2 gnolls.

Vanquished Creatures
  A gnoll (D:2)
  2 dart slugs (D:1)
  3 endoplasms (D:1)
  2 giant cockroaches (D:1)
  3 hobgoblins (D:1)
  3 kobolds (D:1)
  A quokka (D:2)
  A ball python (D:1)
  4 bats (D:1)
  A frilled lizard (D:1)
  A rat (D:1)
22 creatures vanquished.

Notes
Turn   | Place    | Note
-------+----------+-------------------------------------------
     0 | D:1      | SensoryNuts the Demonspawn Fighter began the quest for the
                  | Orb.
     0 | D:1      | Reached XP level 1. HP: 18/18 MP: 1/1
    75 | D:1      | Gained mutation: You have sharp fingernails. [demonic
                  | ancestry]
    75 | D:1      | Reached XP level 2. HP: 21/24 MP: 2/2
   743 | D:2      | Gained mutation: You are partially covered in molten
                  | scales. (AC +2) [demonic ancestry]
   743 | D:2      | Reached XP level 3. HP: 22/29 MP: 3/3
   758 | D:2      | Slain by a gnoll

Illustrated notes

Levels and vault maps discovered:
D:1:      amcnicky_arrival_single_pillar, layout_rooms,
          amcnicky_mini_rare_corridor_liquid
D:2:      layout_basic, shapermc_ecumenical_altar_starsandcircs,
          hangedman_decor_opposing, uniq_robin

Skill      XL: |  1  2 |
---------------+-------+-----
Shields        | 3 |  3.0
Axes           | 2 |  2.3
Armour         | 3 |  3.1
Fighting       | |  3.3

Action                   || total
-------------------------++-------
Melee: War axe           ||    49
  Use: Potion            ||     1
Armor: Scale mail        ||    39
Dodge: Dodged            ||    22
Block: Kite shield       ||    50
